Map: Deathaura LE

Players

TommyPickles

  • Race: Protoss Protoss
  • League: Master
  • Spawn Location: 5:00

PasT - Winner!

  • Race: Zerg Zerg
  • League: Master
  • Spawn Location: 11:00

VOD

Have the link to the VOD?

Description

Time

  • Played on: Sept. 30, 2020, 5:57 p.m.
  • Length: 8:34
Show
View Real Time Build Order
Export as new Build Order

TommyPickles Protoss 

Build Orders: 1 Gate Expand, Oracle Opening 

Get SALT Encoding   

  12  0:01  Probe  
  13  0:14  Probe  
  14  0:18  Pylon  
  14  0:26  Probe  
  15  0:38  Probe (Chrono Boost)  
  15  0:40  Gateway  
  16  0:48  Probe (Chrono Boost)  
  17  0:50  Assimilator  
  17  0:53  Probe (Chrono Boost)  
  18  1:04  Probe  
  19  1:25  Nexus  
  19  1:39  Cybernetics Core  
  19  1:41  Probe  
  19  1:45  Assimilator  
  20  1:54  Probe  
  21  1:55  Pylon  
  21  2:06  Probe  
  22  2:13  Adept (Chrono Boost)  
  22  2:21  Probe  
  22  2:22  Stargate  
  25  2:29  Warp Gate  
  25  2:33  Probe  
  26  2:38  Adept (Chrono Boost), Probe  
  29  2:50  Gateway  
  29  2:53  Probe  
  29  2:54  Probe  
  31  3:07  Probe, Void Ray (Chrono Boost)  
  31  3:08  Probe  
  37  3:22  Probe x2 (Chrono Boost)  
  39  3:27  Assimilator  
  39  3:30  Pylon  
  39  3:34  Probe (Chrono Boost)  
  39  3:40  Probe (Chrono Boost)  
  41  3:43  Oracle  
  41  3:44  Probe (Chrono Boost)  
  41  3:47  Probe (Chrono Boost)  
  46  3:50  Probe  
  47  3:56  Assimilator  
  47  3:58  Pylon, Probe  
  48  4:03  Probe  
  48  4:09  Forge  
  49  4:10  Probe  
  49  4:15  Probe  
  51  4:20  Stargate  
  51  4:22  Probe  
  52  4:27  Probe  
  53  4:35  Probe  
  53  4:38  Protoss Air Weapons Level 1 (Chrono Boost)  
  54  4:46  Probe  
  54  4:47  Probe  
  56  4:58  Pylon, Probe, Void Ray  
  56  4:59  Probe  
  58  5:01  Nexus  
  58  5:04  Pylon  
  62  5:10  Void Ray  
  62  5:14  Fleet Beacon  
  66  5:23  Probe x2 (Chrono Boost)  
  66  5:25  Photon Cannon  
  66  5:27  Shield Battery  
  68  5:35  Probe x2 (Chrono Boost)  
  70  5:42  Probe (Chrono Boost)  
  72  5:43  Probe (Chrono Boost)  
  72  5:45  Pylon  
  72  5:49  Probe x2  
  72  5:51  Pylon  
  72  5:55  Void Ray  
  72  5:57  Void Ray  
  82  6:07  Pylon, Probe (Chrono Boost)  
  82  6:09  Photon Cannon  
  84  6:13  Probe (Chrono Boost)  
  84  6:17  Probe (Chrono Boost)  
  86  6:19  Probe (Chrono Boost)  
  86  6:21  Probe (Chrono Boost), Robotics Facility  
  86  6:23  Unknown, Probe  
  88  6:27  Probe  
  88  6:29  Assimilator  
  88  6:30  Assimilator  
  88  6:32  Stargate  
  89  6:38  Probe x2  
  89  6:39  Probe  
  98  6:53  Carrier (Chrono Boost)  
  98  7:00  Probe x2  
  100  7:10  Probe, Carrier (Chrono Boost)  
  100  7:12  Probe  
  100  7:14  Pylon  
  108  7:17  Nexus  
  104  7:26  Pylon  
  101  7:30  Photon Cannon  
  101  7:31  Adept  
  101  7:32  Adept  
  101  7:33  Probe x3  
  107  7:45  Probe x3  
  110  7:57  Probe x3  
  117  8:07  Zealot  
  117  8:11  Probe  
  95  8:24  Zealot  
Show
View Real Time Build Order
Export as new Build Order

PasT Zerg - Winner!

Build Orders: Hatch First 

Get SALT Encoding   

  12  0:00  Drone  
  13  0:12  Overlord  
  13  0:17  Drone  
  14  0:30  Drone  
  14  0:31  Drone  
  16  0:47  Hatchery  
  15  0:51  Drone  
  17  0:57  Drone  
  17  0:58  Drone  
  18  1:11  Extractor  
  17  1:14  Spawning Pool  
  17  1:17  Drone  
  17  1:20  Drone  
  18  1:28  Drone  
  19  1:39  Overlord  
  19  1:50  Drone  
  20  2:01  Queen x2  
  20  2:02  Zergling x4  
  26  2:11  Metabolic Boost  
  26  2:12  Drone x2  
  28  2:21  Drone x2  
  30  2:36  Hatchery  
  29  2:38  Drone  
  29  2:43  Queen  
  32  2:48  Overlord  
  32  2:54  Drone x2  
  32  2:55  Drone  
  32  2:58  Drone  
  36  3:06  Drone x2  
  36  3:12  Drone  
  39  3:14  Drone x3  
  39  3:16  Drone x2  
  39  3:19  Overlord  
  44  3:31  Spore Crawler  
  44  3:32  Drone, Spore Crawler  
  43  3:37  Lair  
  43  3:41  Roach Warren  
  42  3:43  Drone x2  
  42  3:44  Evolution Chamber  
  42  3:45  Drone  
  42  3:47  Drone  
  45  3:48  Drone  
  45  3:52  Drone  
  45  3:53  Extractor  
  45  3:54  Extractor  
  45  3:57  Drone x3  
  45  3:58  Drone  
  50  4:04  Spore Crawler  
  50  4:07  Overlord  
  49  4:12  Overlord x2  
  49  4:28  Drone  
  49  4:31  Drone x6  
  55  4:33  Drone  
  56  4:39  Drone x3  
  59  4:45  Zerg Missile Weapons Level 1  
  59  4:47  Hydralisk Den  
  59  4:48  Drone x3  
  59  4:49  Baneling Nest  
  59  4:50  Drone x2  
  59  4:51  Drone, Evolution Chamber  
  59  4:52  Evolution Chamber  
  61  4:54  Drone  
  61  4:56  Overlord  
  62  5:00  Extractor  
  62  5:01  Extractor  
  61  5:11  Overlord  
  61  5:14  Overlord x5  
  61  5:17  Zerg Melee Weapons Level 1  
  61  5:19  Muscular Augments  
  61  5:32  Hydralisk x2  
  61  5:33  Hydralisk x3  
  71  5:37  Hydralisk  
  71  5:42  Hydralisk  
  75  5:44  Overlord x2  
  75  5:46  Hydralisk  
  77  5:50  Hydralisk  
  77  5:55  Hydralisk  
  81  5:59  Hydralisk  
  81  6:02  Overlord x2  
  83  6:04  Hydralisk  
  83  6:07  Zergling x4  
  87  6:12  Zergling x8  
  87  6:16  Zergling x6  
  94  6:18  Zergling x2  
  94  6:19  Zergling x2  
  94  6:22  Hydralisk  
  94  6:25  Centrifical Hooks  
  98  6:28  Zergling x4  
  98  6:31  Zergling x4  
  102  6:33  Hydralisk  
  102  6:36  Hydralisk  
  102  6:38  Hydralisk  
  108  6:41  Hydralisk  
  108  6:43  Hydralisk  
  108  6:46  Overlord  
  112  6:49  Hydralisk  
  112  6:51  Hydralisk  
  116  6:57  Hydralisk  
  116  6:58  Hydralisk  
  116  6:59  Hydralisk  
  122  7:03  Hydralisk  
  122  7:04  Zergling x2  
  122  7:06  Hydralisk  
  127  7:11  Hydralisk x2  
  131  7:16  Zergling x2  
  131  7:21  Zergling x12  
  136  7:23  Hydralisk  
  136  7:29  Hydralisk  
  139  7:33  Hydralisk  
  141  7:43  Baneling  
  139  7:44  Baneling x2  
  139  7:45  Baneling x11  
  139  7:47  Zergling x12  
  139  7:48  Zergling x2  
  139  7:50  Zergling x4  
  144  8:06  Overlord x3  
  144  8:07  Hydralisk x3  
Tags
 
Add a new tag
Caveats
  • Supply blocks, unpowered buildings, or Contaminate may cause inaccurate times.
  • Supply counts are checked every 10 seconds.